 Dungeon Crawl Stone Soup version 0.30-a0-279-g4b46babb21 (webtiles) character file.

Game seed: 10414048267391534697

164 onlyrandom the Cudgeller (level 6, -2/52 HPs)
             Began as a Meteoran Monk on Oct 16, 2022.
             Was a Believer of the Shining One.
             Slain by an orc
             ... wielding a +0 flail
              (5 damage)
             ... on level 3 of the Dungeon.
             The game lasted 00:12:15 (1188 turns).

onlyrandom the Cudgeller (Meteoran Monk)            Turns: 1188, Time: 00:12:16

Health: -2/52      AC:  7    Str: 14    XL:     6   Next: 4%
Magic:  8/8        EV: 10    Int: 12    God:    the Shining One [**....]
Gold:   114        SH:  0    Dex: 17    Spells: 5/5 levels left

rFire   . . .      SeeInvis .    a - +0 mace {mace}
rCold   . . .      Faith    .    (no shield)
rNeg    + . .      Spirit   .    m - +1 scale mail
rPois   .          Reflect  .    (no helmet)
rElec   .          Harm     .    (no cloak)
rCorr   .          Rampage  .    (no gloves)
Will    .....                    (no boots)
Stlth   +.........               c - amulet of the acrobat
HPRegen 0.28/turn                (no ring)
MPRegen 0.11/turn                (no ring)

@: glowing
A: sense surroundings 1, otherworldly, glowing, explore regen
a: Renounce Religion, Divine Shield


You were on level 3 of the Dungeon.
You worshipped the Shining One.
The Shining One was pleased with you.
You visited 1 branch of the dungeon, and saw 3 of its levels.

You collected 114 gold pieces.


Innate Abilities, Weirdness & Mutations

You passively map a small area around you.
You are easily found by Zot.
You glow in the dark.
You regain HP and MP as you explore.


   Skills:
 + Level 3.9 Fighting
 * Level 6.6 Maces & Flails
 + Level 2.0 Armour
 - Level 3.6 Dodging
 - Level 1.4 Stealth
 + Level 1.9 Invocations


You had 5 spell levels left.
You didn't know any spells.
Your spell library was empty.

Inventory:

Hand Weapons
 a - a +0 mace (weapon) {mace}
Missiles
 f - 20 stones (quivered) {throwing}
 n - 3 poisoned darts {throwing}
Armour
 b - a +0 robe
 m - a +1 scale mail (worn)
   (You found it on level 1 of the Dungeon)
Jewellery
 c - an amulet of the acrobat (around neck)
   (You found it on level 3 of the Dungeon)
Scrolls
 g - a scroll of enchant armour
 i - a scroll of teleportation {@r4}
 q - a scroll of noise {unknown}
 s - a scroll of immolation {unknown}
Potions
 d - a potion of degeneration {unknown}
 h - a potion of flight {unknown}
 k - a potion of curing {unknown}
 l - a potion of heal wounds {unknown}
 r - a potion of attraction {unknown}
 t - a potion of haste {@q3}

Dungeon Overview and Level Annotations

Branches:
Dungeon (3/15) Zot: 612

Altars:
Elyvilon
The Shining One

#.####.###
#.#***,,,,,,,,,*,* #.*
#...# #.# ****,*,****,*
#,* ###.# #.# *,*,****,*
*.######.#
#.##*****,*,**,,,,
*........#
#..,,,,**,*,**,*,,
*#######.#
#.#***,**,*,**,*,,
#.#######.# *,**,*,**,**,
#.........# *,**,*,**,,,,
#.#######@# *,**,*,******
#.# *#o#***,**,*,*
#.#*****...,,,,,,,,,******
#.),,,,.....,,,**,,,,,,,,,
###***##.....,,**,********
#......,o,,* #.......****
#...>...# *,,,,,,,*


You could see an orc.


Message History

You sock the orc!
An orc priest comes into view. It is wielding a +0 flail.
The orc hits you but does no damage.
You hit the orc.
You kill the orc!
You completely miss the orc.
The orc hits you with a +0 war axe. 😕 HP[-6]
You take 6 damage, and now have 40/46 hp.
You hit the orc. The orc hits you but does no damage.
You hit the orc. The orc hits you but does no damage.
The orc barely misses you.
You hit the orc.
The orc hits you with a +0 war axe. 😕 HP[-4]
You take 4 damage, and now have 36/46 hp.
You hit the orc.
You kill the orc! 😕 HP[+1]
You hit the orc priest but do no damage.
The orc priest hits you with a +0 flail. 😕 HP[-1]
You take 1 damage, and now have 36/46 hp.
You barely miss the orc priest.
The orc priest hits you with a +0 flail. 😮 HP[-2]
You take 2 damage, and now have 34/46 hp.
You are too injured to fight recklessly!
You hit the orc priest but do no damage.
The orc priest invokes the aid of Beogh against you.
Pain shoots through your body! 😮 HP[-4]
You take 4 damage, and now have 30/46 hp.
You hit the orc priest but do no damage.
The orc priest hits you with a +0 flail. 😮 HP[-2]
You take 2 damage, and now have 28/46 hp.
You completely miss the orc priest.
The orc priest miscasts a cantrip.
You barely miss the orc priest. The orc priest closely misses you.
You hit the orc priest but do no damage.
The orc priest barely misses you. 😮 HP[+1]
You hit the orc priest.
The orc priest hits you but does no damage.
You hit the orc priest.
The orc priest hits you but does no damage.
You hit the orc priest but do no damage.
The orc priest hits you but does no damage. 😮 HP[+1]
You hit the orc priest.
The orc priest calls down the wrath of Beogh upon you.
You struggle to resist.
You hit the orc priest but do no damage.
You punch the orc priest, but do no damage.
The orc priest closely misses you.
You completely miss the orc priest.
The orc priest hits you with a +0 flail!
* * * LOW HITPOINT WARNING * * *
The orc priest barely misses you. 😨 HP[-8]
You take 8 damage, and now have 22/46 hp.
You hit the orc priest but do no damage.
The orc priest closely misses you. 😨 HP[+1]
You hit the orc priest but do no damage.
The orc priest closely misses you.
You barely miss the orc priest.
The orc priest hits you but does no damage.
You sock the orc priest!
The orc priest invokes the aid of Beogh against you.
Beogh smites you!
* * * LOW HITPOINT WARNING * * *
😱 HP[-15]
You take 15 damage, and now have 8/46 hp.
MASSIVE DAMAGE!! (PAUSE)
Okay, then.
You barely miss the orc priest.
The orc priest hits you with a +0 flail.
* * * LOW HITPOINT WARNING * * *
😱 HP[-1]
You take 1 damage, and now have 7/46 hp.
You hit the orc priest.
You kill the orc priest!
The Shining One accepts your kill.
You feel better.
Your Armour skill increases to level 2!
You have reached level 6!
You feel clever. 😱 HP[+2] MP[+1]
You now have 52 max hp (+6).
You regained 2 hp, and now have 9/52 hp.
Your mp is fully restored (8).
You hit the orc.
The orc hits you but does no damage. 😱 HP[+1]
You hit the orc but do no damage. The orc hits you with a +0 flail!
* * * LOW HITPOINT WARNING * * *
😱 HP[-7]
You take 7 damage, and now have 3/52 hp.
Unknown command.
You barely miss the orc. The orc hits you with a +0 flail.
You die...

Skill      XL: |  1  2  3  4  5 |
---------------+----------------+-----
Maces & Flails | 5 6 |  6.6
Armour         | 1 2 |  2.0
Invocations    | 1 |  1.9
Fighting       | |  3.9
Dodging        | |  3.6
Stealth        | |  1.4

Action                   |  1- 3 |  4- 6 || total
-------------------------+-------+-------++-------
Melee: Mace              |    81 |    62 ||   143
       Punch             |     1 |     1 ||     2
  Use: Scroll            |     2 |     5 ||     7
       Potion            |       |     2 ||     2
Armor: Robe              |     6 |       ||     6
       Scale mail        |    19 |    29 ||    48
Dodge: Dodged            |    32 |    33 ||    65

Levels and vault maps discovered:
D:1:      evilmike_arrival_plus, layout_basic,
          hellmonk_ecumenical_altar_arch_garden
D:2:      layout_basic, basic_altar
D:3:      layout_loops_ring, nicolae_tso_besieged_by_evil

Notes
Turn   | Place    | Note
-------+----------+-------------------------------------------
     0 | D:1      | onlyrandom the Meteoran Monk began the quest for the Orb.
     0 | D:1      | Reached XP level 1. HP: 19/19 MP: 2/2
     0 | D:1      | magus.rc [v1.9.6]
    51 | D:1      | Found a faded altar of an unknown god.
   137 | D:1      | Reached XP level 2. HP: 23/26 MP: 3/3
   231 | D:1      | Reached skill level 5 in Maces & Flails
   243 | D:1      | Reached XP level 3. HP: 31/31 MP: 4/4
   731 | D:2      | Found a white marble altar of Elyvilon.
   985 | D:3      | Reached XP level 4. HP: 26/38 MP: 5/5
   995 | D:3      | Found a glowing golden altar of the Shining One.
  1019 | D:3      | Became a worshipper of the Shining One
  1019 | D:3      | Reached * piety under the Shining One
  1019 | D:3      | Reached ** piety under the Shining One
  1029 | D:3      | HP: 4/38 [white imp/puff of frost (9)]
  1030 | D:3      | Noticed a phantom
  1056 | D:3      | Killed a phantom
  1057 | D:3      | Reached skill level 6 in Maces & Flails
  1057 | D:3      | Reached skill level 1 in Armour
  1057 | D:3      | Reached skill level 1 in Invocations
  1057 | D:3      | Reached XP level 5. HP: 35/46 MP: 5/7
  1183 | D:3      | HP: 8/46 [orc priest/divine providence (16)]
  1186 | D:3      | Reached skill level 2 in Armour
  1186 | D:3      | Reached XP level 6. HP: 9/52 MP: 8/8
  1187 | D:3      | HP: 3/52 [orc/+0 flail (7)]
  1188 | D:3      | Slain by an orc

Vanquished Creatures
  A phantom (D:3)
  An orc priest (D:3)
  An adder (D:3)
  2 worms
  2 dart slugs (D:1)
  2 orcs (D:3)
  3 endoplasms
  4 giant cockroaches
  4 goblins
  6 hobgoblins
  2 quokkas (D:1)
  2 ball pythons (D:2)
  A bat (D:1)
  A goblin skeleton (D:3)
  A goblin zombie (D:3)
  6 kobolds
  A kobold zombie (D:3)
  2 rats (D:2)
42 creatures vanquished.

Table legend:
 A = Non-vault XP
 B = Vault XP
 C = Vault XP percentage of total XP
 D = Non-vault monster count
 E = Vault monster count
 F = Vault count percentage of total count
                 A         B        C        D         E       F
            +---------+---------+-------+---------+---------+-------
      Total |     232 |       3 |   1.3 |      39 |       3 |   7.1
            +---------+---------+-------+---------+---------+-------
        D:1 |      34 |       0 |   0.0 |      16 |       0 |   0.0
        D:2 |      21 |       0 |   0.0 |      12 |       0 |   0.0
        D:3 |     177 |       3 |   1.7 |      11 |       3 |  21.4
            +---------+---------+-------+---------+---------+-------

Illustrated notes

Table legend:
 A = Kills in this place as a percentage of kills in entire the game.
 B = Kills by you in this place as a percentage of kills by you in the entire game.
 C = Kills by friends in this place as a percentage of kills by friends in the entire game.
 D = Other kills in this place as a percentage of other kills in the entire game.
 E = Experience gained in this place as a percentage of experience gained in the entire game.
 F = Experience gained in this place divided by the number of levels of this place that you have seen.
                   A       B       C       D       E      F
               +-------+-------+-------+-------+-------+----------------------
         Total | 100.0 | 100.0 |   N/A |   N/A | 100.0 |  78.3
       Dungeon | 100.0 | 100.0 |   N/A |   N/A | 100.0 |  78.3
               +-------+-------+-------+-------+-------+----------------------

Table legend: (Time is in decaauts)
 A = Elapsed time spent in this place.
 B = Non-inter-level travel time spent in this place.
 C = Inter-level travel time spent in this place.
 D = Time resting spent in this place.
 E = Time spent auto-exploring this place.
 F = Levels seen in this place.
 G = Mean time per level.
                   A        B        C        D        E       F      G
               +--------+--------+--------+--------+--------+-----+--------+
         Total |   1186 |   1166 |     20 |      2 |    128 |   3 |  395.3 |
       Dungeon |   1186 |   1166 |     20 |      2 |    128 |   3 |  395.3 |
               +--------+--------+--------+--------+--------+-----+--------+

Top non-repeatable levels by time:
     D:1: 572 daAuts
     D:2: 410 daAuts
     D:3: 204 daAuts
